 Dungeon Crawl Stone Soup version 0.19.1 (webtiles) character file.

1886 CanadianGator the Skirmisher (level 8, -2/64 HPs)
             Began as a Demonspawn Fighter on Nov 29, 2016.
             Slain by an orc warrior
             ... wielding a +2 war axe of flaming
              (13 damage)
             ... on level 6 of the Dungeon.
             The game lasted 00:20:30 (5016 turns).

CanadianGator the Skirmisher (Demonspawn Fighter)   Turns: 5016, Time: 00:20:30

Health: -2/64      AC: 15    Str: 16    XL:     8   Next: 92%
Magic:  8/8        EV:  7    Int: 12    God:
Gold:   95         SH: 10    Dex: 15    Spells: 0 memorised, 7 levels left

rFire  . . .     SeeInvis .     h - +3 dagger
rCold  . . .     Gourm    .     s - +0 chain mail {rN+}
rNeg   + . .     Faith    .     c - +0 shield
rPois  .         Spirit   .     z - +1 hat
rElec  +         Reflect  .     (no cloak)
rCorr  .         Harm     .     k - +0 pair of gloves
MR     .....     Rnd*Rage +     (no boots)
Stlth  ..........               p - amulet of regeneration
                                (no ring)
                                (no ring)

@: slowed, very slow
A: slimy green scales 1, berserk 1, clever 1, demonic guardian 1, powered by
death 1, shaggy fur 1, electricity resistance
a: no special abilities


You were on level 6 of the Dungeon.
You were not hungry.

You visited 1 branch of the dungeon, and saw 6 of its levels.

You collected 240 gold pieces.
You spent 145 gold pieces at shops.

Inventory:

Hand Weapons
 a - a +1 long sword
 h - a +3 dagger (weapon)
Armour
 c - a +0 shield (worn)
 e - a +1 chain mail of poison resistance
 k - a +0 pair of gloves (worn)
 s - a +0 chain mail of positive energy (worn)
 z - a +1 hat (worn)
Jewellery
 p - an amulet of regeneration (around neck)
 B - a +2 ring of intelligence {unknown}
Wands
 j - a wand of flame (39/48)
Scrolls
 m - a scroll of identify
 n - 3 scrolls of fog
 q - 3 scrolls of teleportation
 x - a scroll of magic mapping
 y - a scroll of recharging
 D - a scroll of silence {unknown}
 G - a scroll of amnesia {unknown}
Potions
 b - a potion of cancellation
 r - 2 potions of resistance
 u - 5 potions of flight
 v - a potion of haste {unknown}
 w - 2 potions of lignification
 E - a potion of agility {unknown}
Books
 i - a book of Frost

   Spells                             Type                      Level
   a - Freeze                         Ice                          1
   b - Throw Frost                    Conjuration/Ice              2
   c - Ozocubu's Armour               Charms/Ice                   3
   d - Throw Icicle                   Conjuration/Ice              4
   e - Summon Ice Beast               Ice/Summoning                4
Comestibles
 d - 5 chunks of flesh
 f - 7 bread rations
 g - a royal jelly
 l - 4 meat rations
 o - 8 fruits
 F - a beef jerky


   Skills:
 + Level 5.8 Fighting
 + Level 5.0 Long Blades
 + Level 5.2 Armour
 + Level 4.6 Dodging
 + Level 5.6 Shields


You had 7 spell levels left.
You didn't know any spells.

Dungeon Overview and Level Annotations

Branches:
Dungeon (6/15)
 Temple: D:4-7

Altars:
Gozag
Nemelex Xobeh

Shops:
D:4 **


Innate Abilities, Weirdness & Mutations

You are partially covered in slimy green scales. (AC +2)
A weak demonic guardian rushes to your aid.
You regenerate a little health from kills.
You tend to lose your temper in combat.
Your mind is acute. (Int +2)
You are covered in fur. (AC +1)
You are resistant to electric shocks. (rElec)


Message History

The orc warrior burns you. The orc wizard completely misses you.
The orc wizard casts a spell at you.
You feel yourself slow down.
The orc wizard gestures wildly while chanting.
The orc wizard blinks!
You hit the orc warrior but do no damage.
The orc warrior is lightly wounded.
The orc warrior hits you with a war axe of flaming.
The orc warrior burns you.
The orc wizard gestures at you while chanting.
The magic dart hits you!
You closely miss the orc warrior.
The orc warrior is lightly wounded.
The orc warrior hits you with a war axe of flaming!!
* * * LOW HITPOINT WARNING * * *
The orc warrior burns you!
* * * LOW HITPOINT WARNING * * *
The orc wizard hits you but does no damage.
The orc warrior hits you with a war axe of flaming!
You die...

##.###..#.### ####....##.#
#...#.##...### ####.....
###..(####...## ##.#.. ##..#
###..### #..#.# #..# ##...##
#####.#..# #..#
###..######.......## ##.#
##........##)##### ####.####
###..#.....#.รท.... #.......#
####@oo.........)....
#.......###..o.##(.............
#.......#...#####..............
#.......#o### #..............
#.......#.# #..............
#.........# #..............
#.<...[.### ..............
##....#.# #.............
#......##### ##...........#


You could see an orc warrior, 2 orc wizards and an orc (wandering).

Vanquished Creatures
  The ghost of CanadianGator the Twirler, an amateur GrGl (D:4)
  Sigmund (D:5)
  2 orc warriors (D:6)
  An ice beast (D:6)
  An ogre (D:6)
  A centaur (D:6)
  2 bullfrogs (D:6)
  2 scorpions
  A water moccasin skeleton (D:3)
  An electric eel (D:6)
  A howler monkey (D:4)
  2 crimson imps
  A centaur zombie (D:5)
  2 hounds
  2 orc priests
  3 orc wizards (D:6)
  3 worker ants
  An iguana (D:4)
  A hound zombie (D:6)
  2 worker ant zombies
  15 adders
  A howler monkey skeleton (D:4)
  An ooze (D:6)
  An adder skeleton (D:6)
  3 worms
  A dart slug (D:1)
  2 leopard geckos
  22 orcs
  6 giant cockroaches
  4 goblins
  8 hobgoblins
  17 jackals
  5 kobolds
  A quokka (D:3)
  2 ball pythons
  6 bats
  5 frilled lizards
  A leopard gecko zombie (D:5)
  4 rats
136 creatures vanquished.

Vanquished Creatures (collateral kills)
  A hound (D:4)
  2 orc priests
  2 orc wizards (D:6)
  A worker ant (D:6)
  An adder (D:6)
  2 orcs
9 creatures vanquished.

Grand Total: 145 creatures vanquished

Notes
Turn   | Place    | Note
-------+----------+-------------------------------------------
     0 | D:1      | CanadianGator the Demonspawn Fighter began the quest for the Orb.
     0 | D:1      | Reached XP level 1. HP: 18/18 MP: 1/1
   203 | D:1      | Gained mutation: You regenerate a little health from kills. [demonic ancestry]
   203 | D:1      | Reached XP level 2. HP: 23/24 MP: 2/2
   768 | D:2      | Gained mutation: A weak demonic guardian rushes to your aid. [demonic ancestry]
   768 | D:2      | Reached XP level 3. HP: 18/29 MP: 3/3
   907 | D:2      | Reached skill level 1 in Dodging
  1145 | D:2      | Gained mutation: You are partially covered in slimy green scales. (AC +2) [demonic ancestry]
  1145 | D:2      | Reached XP level 4. HP: 30/36 MP: 4/4
  1663 | D:3      | Reached XP level 5. HP: 40/42 MP: 5/5
  1944 | D:3      | Found a sparkling altar of Nemelex Xobeh.
  2305 | D:4      | Found an opulent altar of Gozag.
  2395 | D:4      | Reached XP level 6. HP: 40/48 MP: 6/6
  2425 | D:4      | Noticed CanadianGator's ghost (amateur GrGl)
  2484 | D:4      | Killed CanadianGator's ghost
  2856 | D:4      | Found Gozag's Platinum Reserve.
  2875 | D:4      | Reached XP level 7. HP: 55/55 MP: 7/7
  2960 | D:4      | Found Liyt Asa's Assorted Antiques.
  3002 | D:4      | Bought a scroll labeled JYRAUSIRESE for 29 gold pieces
  3002 | D:4      | Bought a scroll labeled YNITOA OTHO for 29 gold pieces
  3002 | D:4      | Bought 3 scrolls labeled BAYXIKURED for 87 gold pieces
  3294 | D:4      | Gained mutation: You are resistant to electric shocks. (rElec) [potion of mutation]
  3294 | D:4      | Gained mutation: Your mind is acute. (Int +2) [potion of mutation]
  3294 | D:4      | Gained mutation: You tend to lose your temper in combat. [potion of mutation]
  3295 | D:4      | Gained mutation: You are covered in fur. (AC +1) [potion of beneficial mutation]
  3338 | D:5      | Entered Level 5 of the Dungeon
  3790 | D:5      | Noticed Sigmund
  3831 | D:5      | Killed Sigmund
  3831 | D:5      | Reached skill level 5 in Fighting
  4456 | D:6      | Reached XP level 8. HP: 62/62 MP: 8/8
  4589 | D:6      | Reached skill level 5 in Shields
  4742 | D:6      | HP: 1/63 [orc warrior/battleaxe (12)]
  4745 | D:6      | Reached skill level 5 in Armour
  4901 | D:6      | Reached skill level 5 in Long Blades
  5016 | D:6      | Slain by an orc warrior

Skill      XL: |  1  2  3  4  5  6  7  8 |
---------------+-------------------------+-----
Long Blades    | 2 3 4 5 |  5.0
Shields        | 3 4 5 |  5.6
Dodging        | 1 2 3 4 |  4.6
Armour         | 3 4 5 |  5.2
Fighting       | 4 5 |  5.8

Action                   |  1- 3 |  4- 6 |  7- 9 || total
-------------------------+-------+-------+-------++-------
Melee: Long sword        |    23 |       |       ||    23
       Dagger            |   135 |   265 |   431 ||   831
  Use: Potion            |       |     3 |    10 ||    13
       Scroll            |       |       |    14 ||    14
 Stab: Distracted        |       |     2 |     3 ||     5
  Eat: Chunk             |       |     6 |     9 ||    15
Armor: Chain mail        |    95 |   129 |   184 ||   408
       Scale mail        |    10 |       |       ||    10
       Skin              |       |       |    15 ||    15
Dodge: Dodged            |    34 |    54 |   108 ||   196
Block: Shield            |    73 |   127 |   189 ||   389
       Rpst.: Long sword |     3 |       |       ||     3
